 Dungeon Crawl Stone Soup version 0.28.0 (webtiles) character file.

Game seed: 12794083730059918134

322 Sanktem7 the Slasher (level 6, -3/56 HPs)
             Began as a Minotaur Fighter on Feb 11, 2022.
             Slain by a gnoll shaman (4 damage)
             ... on level 4 of the Dungeon.
             The game lasted 00:04:44 (2548 turns).

Sanktem7 the Slasher (Minotaur Fighter)             Turns: 2548, Time: 00:04:45

Health: -3/56      AC:  9    Str: 22    XL:     6   Next: 22%
Magic:  5/5        EV:  8    Int:  5    God:
Gold:   72         SH:  4    Dex: 10    Spells: 5/5 levels left

rFire   . . .      SeeInvis .   a - +0 long sword
rCold   . . .      Faith    .   c - +0 buckler
rNeg    . . .      Spirit   .   j - +0 chain mail
rPois   .          Reflect  .   (helmet restricted)
rElec   .          Harm     .   (no cloak)
rCorr   .          Rampage  .   (no gloves)
Will    .....                   (no boots)
Stlth   ..........              (no amulet)
HPRegen 0.18/turn               (no ring)
MPRegen 0.09/turn               (no ring)

@: no status effects
A: horns 2, retaliatory headbutt
a: no special abilities


You were on level 4 of the Dungeon.
You visited 1 branch of the dungeon, and saw 4 of its levels.

You collected 72 gold pieces.

Inventory:

Hand Weapons
 a - a +0 long sword (weapon)
Missiles
 k - 15 bolts
Armour
 b - a +0 scale mail
 c - a +0 buckler (worn)
 j - a +0 chain mail (worn)
Jewellery
 p - a ring of willpower
Scrolls
 e - a scroll of silence {unknown}
 f - 3 scrolls of immolation {unknown}
 g - 3 scrolls of teleportation {unknown}
 h - a scroll of brand weapon {unknown}
 l - 3 scrolls of identify {unknown}
 m - a scroll of enchant weapon {unknown}
 n - a scroll of amnesia {unknown}
 r - a scroll of vulnerability {unknown}
 s - a scroll of summoning {unknown}
 t - a scroll of blinking {unknown}
Potions
 d - 3 potions of might
 i - a potion of experience {unknown}
 o - a potion of invisibility {unknown}
 q - a potion of brilliance {unknown}
 u - a potion of magic {unknown}
 v - a potion of resistance {unknown}


   Skills:
 * Level 5.3 Fighting
 * Level 5.7 Long Blades
 + Level 5.0 Armour
 + Level 1.2 Dodging
 - Level 3.6 Shields


You had 5 spell levels left.
You didn't know any spells.
Your spell library contained the following spells:

 Spells                   Type           Power      Damage    Failure   Level
 Ensorcelled Hibernation  Hex/Ice        0%         N/A       100%        2
 Passwall                 Tmut/Erth      0%         N/A       100%        2
 Swiftness                Air            0%         N/A       100%        3


Dungeon Overview and Level Annotations

Branches:
Dungeon (4/15)
 Temple: D:4-7

Altars:

Annotations:
D:4 Edmund


Innate Abilities, Weirdness & Mutations

You have a pair of horns on your head.
You reflexively headbutt those who attack you in melee.


Message History

You block the jackal's attack. You block the gnoll's attack.
There is an open door here.
You slash the jackal!
You kill the jackal!
The gnoll hits you from afar with a +0 spear.
The gnoll shaman hits you but does no damage.
You completely miss the gnoll shaman. You headbutt the gnoll shaman!
The gnoll shaman is moderately wounded.
The gnoll hits you from afar with a +0 spear.
The gnoll closely misses you. The gnoll shaman closely misses you.
You hit the gnoll shaman.
The gnoll shaman is heavily wounded.
The gnoll hits you but does no damage. You block the gnoll's attack.
The gnoll shaman invokes the aid of its god against you.
You resist with some effort. The gnoll closely misses you.
You barely miss the gnoll shaman.
The gnoll shaman is heavily wounded.
You hear the slow rusting of a very distant drain.
The gnoll is no longer moving quickly.
The gnoll hits you but does no damage. The gnoll closely misses you.
You block the gnoll shaman's attack. The gnoll closely misses you.
The gnoll barely misses you.
You slash the gnoll shaman!
You headbutt the gnoll shaman, but do no damage.
The gnoll shaman is almost dead.
The gnoll shaman calls down the wrath of its god upon you.
You resist with some effort. The gnoll hits you but does no damage.
The gnoll hits you from afar with a +0 halberd.
You closely miss the gnoll shaman.
The gnoll shaman is almost dead.
The gnoll shaman closely misses you. The gnoll closely misses you.
The gnoll hits you from afar with a +0 halberd.
You hit the gnoll shaman but do no damage.
The gnoll shaman is almost dead.
The gnoll shaman hits you with a +0 club!
* * * LOW HITPOINT WARNING * * *
The gnoll hits you but does no damage.
The gnoll hits you from afar with a +0 halberd!
* * * LOW HITPOINT WARNING * * *
The gnoll shaman hits you with a +0 club.
You die...

#'##.##...##+###
...####g..#.......@.
...#......#.........
...+......+......h..
$..#......#........
...#....###.......
...#....#......#####
...+....#....hg#...+
...#....')...ghg@..#
...#....#../..g#...#
...######......#...#
#... ....##########
.........# ......#
......# ......#


You could see a gnoll shaman, 3 gnolls and 2 jackals.

Vanquished Creatures
  Sigmund (D:2)
  A water moccasin skeleton (D:3)
  An orc priest (D:4)
  A howler monkey zombie (D:3)
  An adder (D:2)
  A dart slug (D:1)
  2 orcs (D:4)
  4 endoplasms
  A giant cockroach (D:3)
  11 goblins
  9 hobgoblins
  3 jackals
  A quokka (D:3)
  4 ball pythons
  8 bats
  4 frilled lizards
  5 kobolds
  7 rats
65 creatures vanquished.

Vanquished Creatures (others)
  A plant (D:2)
1 creature vanquished.

Grand Total: 66 creatures vanquished

Notes
Turn   | Place    | Note
-------+----------+-------------------------------------------
     0 | D:1      | Sanktem7 the Minotaur Fighter began the quest for the Orb.
     0 | D:1      | Reached XP level 1. HP: 19/19 MP: 0/0
   246 | D:1      | Reached XP level 2. HP: 25/27 MP: 1/1
   722 | D:1      | Reached XP level 3. HP: 29/33 MP: 2/2
  1281 | D:2      | Noticed Sigmund
  1290 | D:2      | Killed Sigmund
  1291 | D:2      | Reached skill level 5 in Fighting
  1291 | D:2      | Reached skill level 1 in Dodging
  1291 | D:2      | Reached XP level 4. HP: 29/42 MP: 3/3
  1291 | D:2      | Reached XP level 5. HP: 33/48 MP: 4/4
  1482 | D:2      | Found a faded altar of an unknown god.
  1591 | D:2      | Reached skill level 5 in Long Blades
  2202 | D:3      | Reached skill level 5 in Armour
  2202 | D:3      | Reached XP level 6. HP: 50/56 MP: 5/5
  2537 | D:4      | Noticed Edmund
  2548 | D:4      | HP: 1/56 [gnoll (7)]
  2548 | D:4      | Slain by a gnoll shaman

Illustrated notes

Levels and vault maps discovered:
D:1:      dpeg_arrival_subterranean_lakeside_camping, layout_loops_ring
D:2:      layout_basic, shapermc_ecumenical_altar_acropolis, uniq_sigmund
D:3:      layout_basic, dk_noncrumbling_4, minmay_misc_feat_rugged
D:4:      layout_gridville, kennysheep_mini_moat, gup_sewer_entry_bowl,
          minmay_bent, uniq_edmund, uniq_grinder, uniq_robin, uniq_natasha

Skill      XL: |  1  2  3  4  5 |
---------------+----------------+-----
Armour         | 4 5 |  5.0
Fighting       | 4 5 |  5.3
Long Blades    | 4 5 |  5.7
Dodging        | 1 |  1.2
Shields        | |  3.6

Action                   |  1- 3 |  4- 6 || total
-------------------------+-------+-------++-------
Melee: Long sword        |    97 |    52 ||   149
       Headbutt          |    10 |     8 ||    18
Armor: Scale mail        |    28 |       ||    28
       Chain mail        |    17 |    38 ||    55
Dodge: Dodged            |    37 |    25 ||    62
Block: Buckler           |    18 |    21 ||    39
